 Dungeon Crawl Stone Soup version 0.25-a0-413-g3b4b6a4ccc (webtiles) character file.

Game seed: 3954429025762086261, levelgen mode: deterministic

53 Granthy the Sneak (level 4, 24/24 HPs)
             Began as a Kobold Fire Elementalist on Jan 17, 2020.
             Quit the game on level 2 of the Dungeon.
             The game lasted 00:05:44 (1521 turns).

Granthy the Sneak (Kobold Fire Elementalist)        Turns: 1521, Time: 00:05:45

Health: 24/24      AC:  2    Str:  5    XL:     4   Next: 11%
Magic:  7/7        EV: 15    Int: 17    God:
Gold:   164        SH:  0    Dex: 15    Spells: 6/7 levels left

rFire    . . .     SeeInvis .   f - +0 short sword
rCold    . . .     Gourm    .   (shield restricted)
rNeg     . . .     Faith    .   a - +0 robe
rPois    .         Spirit   .   (no helmet)
rElec    .         Reflect  .   (no cloak)
rCorr    .         Harm     .   (no gloves)
MR       .....                  (no boots)
Stlth    +++.......             (no amulet)
HPRegen  0.08/turn              (no ring)
MPRegen  0.10/turn              (no ring)

@: no status effects
A: small, carnivore
a: no special abilities


You were on level 2 of the Dungeon.
You were very full.

You visited 1 branch of the dungeon, and saw 2 of its levels.

You collected 164 gold pieces.

Inventory:

Hand Weapons
 e - a +0 club
 f - a +0 short sword (weapon)
Armour
 a - a +0 robe (worn)
Scrolls
 g - a scroll of enchant armour {unknown}
 h - 2 scrolls of identify {unknown}
 i - a scroll of fear {unknown}
 j - 2 scrolls of enchant weapon {unknown}
 m - a scroll of teleportation {unknown}
Potions
 b - 3 potions of heal wounds {unknown}
 d - 3 potions of degeneration {unknown}
 k - a potion of brilliance {unknown}
Comestibles
 c - 6 rations


   Skills:
 + Level 2.6 Dodging
 - Level 3.9 Stealth
 + Level 2.4 Spellcasting
 + Level 1.3 Conjurations
 + Level 3.8 Fire Magic


You had 6 spell levels left.
You knew the following spells:

 Your Spells              Type           Power        Failure   Level  Hunger
a - Foxfire               Conj/Fire      ##..         6%          1    #......

Your spell library contained the following spells:

 Spells                   Type           Power        Failure   Level  Hunger
 Conjure Flame            Conj/Fire      ##......     19%         3    ###....
 Inner Flame              Hex/Fire       #.......     26%         3    ###....
 Sticky Flame             Conj/Fire      ##......     54%         4    #####..
 Fireball                 Conj/Fire      ##........   87%         5    ######.


Dungeon Overview and Level Annotations

Branches:
Dungeon (2/15)

Altars:
Qazlal


Innate Abilities, Weirdness & Mutations

You are small and have problems with some larger weapons.
You are carnivorous and can eat meat at any time.


Message History

Magic restored.
You start resting.
All of the chunks of flesh in your inventory have rotted away.
HP restored.
Things that are here:
a +0 club; a hobgoblin skeleton There isn't anything to butcher here.
b - 3 bubbling ruby potions (gained 2)
You now have 164 gold pieces (gained 10).
You see here a dagger.
Things that are here:
a +0 hunting sling; a +0 club; 9 stones You open the door.
There is an open door here.
Found a stone staircase leading down.
Unknown command.
Saving game... please wait.
Welcome back, Granthy the Kobold Fire Elementalist.
Press ? for a list of commands and other information.
Are you sure you want to abandon this character and quit the game? (Confirm with "yes".)

# ##### # ##########
#...# .#
....#....###.#.###.##.#.
.........'......@......>
.....)...#####.########.
.............#.#
...........#.#.#
.##........# #.#
.###.....((# #.# ##
#.......###.###.#
####...............#
..............#####


There were no monsters in sight!

Vanquished Creatures
  An adder (D:2)
  A shadow imp (D:2)
  An ooze (D:1)
  A dart slug (D:1)
  A leopard gecko (D:1)
  A ball python (D:1)
  4 goblins
  5 hobgoblins
  3 kobolds (D:1)
  3 bats
  4 frilled lizards (D:1)
  6 rats
31 creatures vanquished.

Vanquished Creatures (others)
  66 foxfires
66 creatures vanquished.

Grand Total: 97 creatures vanquished

Notes
Turn   | Place    | Note
-------+----------+-------------------------------------------
     0 | D:1      | Granthy the Kobold Fire Elementalist began the quest for
                  | the Orb.
     0 | D:1      | Reached XP level 1. HP: 10/10 MP: 3/3
    73 | D:1      | Reached XP level 2. HP: 15/15 MP: 0/5
   634 | D:1      | Reached XP level 3. HP: 19/19 MP: 4/6
  1058 | D:2      | Found a stormy altar of Qazlal.
  1168 | D:2      | Reached XP level 4. HP: 7/24 MP: 1/7
  1521 | D:2      | Quit the game

Levels and vault maps discovered:
D:1:      eino_arrival_water_star, layout_loops_ring, minmay_misc_feat_tiny
D:2:      layout_basic, first_ration, nicolae_qazlal_general_emergency

Skill      XL: |  1 |
---------------+----+-----
Stealth        | 3 |  3.9
Dodging        | |  2.6
Spellcasting   | |  2.4
Conjurations   | |  1.3
Fire Magic     | |  3.8

Action                   |  1- 3 |  4- 6 || total
-------------------------+-------+-------++-------
Melee: Short sword       |     7 |       ||     7
 Cast: Foxfire           |    42 |     2 ||    44
  Eat: Chunk             |     9 |     1 ||    10
Armor: Robe              |     2 |     1 ||     3
Dodge: Dodged            |    23 |     4 ||    27

Table legend:
 A = Non-vault XP
 B = Vault XP
 C = Vault XP percentage of total XP
 D = Non-vault monster count
 E = Vault monster count
 F = Vault count percentage of total count
                 A         B        C        D         E       F
            +---------+---------+-------+---------+---------+-------
      Total |      77 |       0 |   0.0 |      31 |       0 |   0.0
            +---------+---------+-------+---------+---------+-------
        D:1 |      38 |       0 |   0.0 |      20 |       0 |   0.0
        D:2 |      39 |       0 |   0.0 |      11 |       0 |   0.0
            +---------+---------+-------+---------+---------+-------
